 Dungeon Crawl Stone Soup version 0.28-b1-25-g9875b3fc8c (webtiles) character file.

Game seed: 8257082745033527047

53 crazypyro the Chopper (level 3, -1/31 HPs)
             Began as a Minotaur Fighter on Jan 31, 2022.
             Slain by Sigmund (4 damage)
             ... on level 2 of the Dungeon.
             The game lasted 00:01:15 (1155 turns).

crazypyro the Chopper (Minotaur Fighter)            Turns: 1155, Time: 00:01:16

Health: -1/31      AC:  8    Str: 22    XL:     3   Next: 64%
Magic:  2/2        EV:  9    Int:  5    God:
Gold:   42         SH:  0    Dex:  9    Spells: 2/2 levels left

rFire   . . .      SeeInvis .   a - +0 war axe
rCold   . . .      Faith    .   c - +0 buckler
rNeg    . . .      Spirit   .   b - +0 scale mail
rPois   +          Reflect  .   (helmet restricted)
rElec   .          Harm     .   j - +0 cloak
rCorr   .          Rampage  .   (no gloves)
Will    .....                   (no boots)
Stlth   ..........              (no amulet)
HPRegen 0.10/turn               e - ring of poison resistance
MPRegen 0.08/turn               (no ring)

@: confused
A: horns 2, retaliatory headbutt
a: no special abilities


You were on level 2 of the Dungeon.
You visited 1 branch of the dungeon, and saw 2 of its levels.

You collected 42 gold pieces.

Inventory:

Hand Weapons
 a - a +0 war axe (weapon)
Armour
 b - a +0 scale mail (worn)
 c - a +0 buckler (worn)
 j - a +0 cloak (worn)
Jewellery
 e - a ring of poison resistance (left hand)
 h - a ring of ice
Scrolls
 g - a scroll of torment {unknown}
 k - a scroll of vulnerability {unknown}
Potions
 d - a potion of might
 f - a potion of heal wounds {unknown}
 i - a potion of resistance {unknown}


   Skills:
 - Level 3.6 Fighting
 + Level 4.9 Axes
 - Level 3.6 Armour
 - Level 3.6 Shields


You had 2 spell levels left.
You didn't know any spells.
Your spell library was empty.

Dungeon Overview and Level Annotations

Branches:
Dungeon (2/15)

Altars:

Annotations:
D:2 Sigmund


Innate Abilities, Weirdness & Mutations

You have a pair of horns on your head.
You reflexively headbutt those who attack you in melee.


Message History

The adder closely misses you.
You miss the adder.
The adder is lightly wounded.
The adder bites you but does no damage.
A magic dart appears from out of thin air!
The magic dart hits you. The adder bites you but does no damage.
Something hits you but does no damage.
You miss the adder.
The adder is lightly wounded.
The adder bites you but does no damage. Something hits you!
You barely miss the adder. Your headbutt misses the adder.
The adder is lightly wounded.
The adder bites you but does no damage.
A frilled lizard comes into view.
Something hits you but does no damage. The adder bites you but does no damage.
The frilled lizard hisses angrily.
You slash the adder! Your headbutt misses the adder.
The adder is almost dead.
A magic dart appears from out of thin air!
The magic dart hits you! The adder closely misses you.
You block something's attack. The adder bites you.
* * * LOW HITPOINT WARNING * * *
You completely miss the adder.
The adder is almost dead.
The adder bites you but does no damage. Something hits you but does no damage.
You miss the adder.
The adder is almost dead.
The adder bites you but does no damage. Something hits you.
* * * LOW HITPOINT WARNING * * *
The adder bites you but does no damage.
You barely miss the adder. You headbutt the adder.
You kill the adder!
A magic dart appears from out of thin air!
The magic dart hits you.
* * * LOW HITPOINT WARNING * * *
Something hits you but does no damage.
You hear some strange, mumbled words.
You are confused.
Something hits you.
You die...

#.###.### ............#.
#......###.##...........
#####..#...##.........>#
#.......# #..........#
#..###..## #...$......#
#.. #..## #..........#
#.. ##..####.........#
... #....##.l........#
.#
#....##..@...........#
#..### ###............#
#. #.............# #
#.#...........#
...##..........# .###
##.......... ##......##.
..###


You could see a frilled lizard.

Vanquished Creatures
  An adder (D:2)
  A dart slug (D:1)
  A ball python (D:2)
  4 bats
  4 endoplasms (D:1)
  5 giant cockroaches (D:1)
  2 goblins (D:1)
  3 hobgoblins (D:1)
  7 jackals (D:1)
  2 frilled lizards (D:1)
  3 kobolds (D:1)
  4 rats (D:1)
37 creatures vanquished.

Notes
Turn   | Place    | Note
-------+----------+-------------------------------------------
     0 | D:1      | crazypyro the Minotaur Fighter began the quest for the Orb.
     0 | D:1      | Reached XP level 1. HP: 19/19 MP: 0/0
    53 | D:1      | Reached skill level 3 in Axes
   146 | D:1      | Reached XP level 2. HP: 19/26 MP: 1/1
   469 | D:1      | Reached skill level 4 in Axes
   695 | D:1      | Reached XP level 3. HP: 28/31 MP: 2/2
  1139 | D:2      | Noticed Sigmund
  1155 | D:2      | Slain by Sigmund

Illustrated notes

Levels and vault maps discovered:
D:1:      dpeg_arrival_short_road, layout_basic
D:2:      layout_rooms, uniq_sigmund

Skill      XL: |  1  2 |
---------------+-------+-----
Axes           | 3 4 |  4.9
Fighting       | |  3.6
Armour         | |  3.6
Shields        | |  3.6

Action                   || total
-------------------------++-------
Melee: War axe           ||    81
       Headbutt          ||    10
Armor: Scale mail        ||    46
Dodge: Dodged            ||    41
Block: Buckler           ||    18
